Unix NetHack Version 3.7.0-88 Work-in-progress - last build Aug 1 2023 10:06:41 (6c2538ef3b57905bfe3a9f43e533da77bea2ed47,branch:master). Game began 2023-08-02 19:17:05, ended 2023-08-02 23:06:49. Grasshopper, neutral female human Wizard ---- ---- ----|..| ------ --..| |..--..-- |....| |...-- --.......-- --|..|.---- |....| --.........| ---.--.|.*..-------.| |.......-..| --..@...|---...-- |^| |..........-- ------ --......-----.%..---|.-- ----...0....--------.|..| |......-- |........||..-- -- ---........|..||.....| |.....-- |-....--.---..----------.| --...--.....--.....|-----...--- --...*--|...--......--....| -- --------......<...|.......-- |.....| -....----...^...| |.-- -----............--.---- |-....-- --....-----.....| |..-- |......[........-...| |.....^-----......| ......| -..| --.-----...........--- |.......--.............---- ------- ----.---..| |...........---- -----.................-- |..|..---........-------...............- |.................| |.........-#.....(.............--.....-- ----.................- |......---|......-------......-- --..-- |.........|.............- --...--- --......| ---...-- --- |...---------....--.|....| ----- --.--.-- |..-- --.-- ----------..-- ------ ---- -- --- Grasshopper the Thaumaturge St:11 Dx:16 Co:16 In:18 Wi:11 Ch:8 Neutral S:6178 Dlvl:6 $:0 HP:0(61) Pw:85(85) AC:-5 Xp:8/1467 T:8632 FoodPois Burdened Latest messages: x - a dagger (2 in total). In what direction? 6 You kill the hobbit! r - an uncursed dagger named +0 (at the ready) (8 in total). F - a stethoscope. r - an uncursed dagger named +0 (at the ready) (9 in total). The gnome wields a broad short sword! In what direction? 8 The dagger named +0 hits the gnome! You kill the gnome! A crude spear misses you. In what direction? 9 The dagger named +0 hits it. The gnome wields a bow! In what direction? 9 You kill the gnome! There are several objects here. r - an uncursed dagger named +0 (at the ready) (7 in total). r - an uncursed dagger named +0 (at the ready) (8 in total). I - 7 arrows. N - 2 carrots. There are several objects here. There is a gnome corpse here; eat it? [ynq] (n) y This gnome corpse tastes okay. You finish eating the gnome corpse. There is a gnome corpse here; eat it? [ynq] (n) y This gnome corpse tastes terrible! You finish eating the gnome corpse. r - an uncursed dagger named +0 (at the ready) (9 in total). You see here a bow. You have a little trouble lifting P - a bow. Your movements are slowed slightly because of your load. There are a few objects here. You see here a crude spear. You see here an elven mithril-coat. You see here a gnome lord corpse. There is a partly eaten gnome corpse here; eat it? [ynq] (n) y Ulch - that meat was tainted! You feel deathly sick. (It must have died too long ago to be safe to eat.) Are you sure you want to pray? [yn] (n) y You begin praying to Thoth. You finish your prayer. You feel that Thoth is displeased. Your sickness feels worse. Your sickness is severe. You are at Death's door. You climb up the stairs. You die from your illness. Do you want your possessions identified? [ynq] (y) q Inventory: Amulets ('"') Q - an uncursed amulet of magical breathing (being worn) Weapons (')') a - the uncursed rustproof +0 Magicbane (weapon in hand) p - 59 uncursed +0 darts r - 9 uncursed +0 daggers named +0 (at the ready) w - an uncursed +0 elven dagger named +0 x - 2 uncursed +0 daggers D - a blessed +0 dagger named +0 I - 7 uncursed +0 arrows P - a blessed +2 bow Z - an uncursed rotted +1 boomerang named +1 Armor ('[') b - a blessed +0 cloak of magic resistance (being worn) v - an uncursed +0 pair of high boots B - an uncursed +0 pair of elven boots named +0 G - an uncursed +0 pair of leather gloves named +0 (being worn) H - a blessed +2 dwarvish iron helm (being worn) S - an uncursed +3 dwarvish mithril-coat (being worn) Comestibles ('%') y - 4 uncursed pineapples N - 2 uncursed carrots Scrolls ('?') n - 2 blessed scrolls of teleportation z - a cursed scroll of food detection Wands ('/') M - an uncursed wand of opening named 1 (0:4) R - an uncursed wand of digging named 1 (0:3) Rings ('=') d - an uncursed +2 ring of gain constitution (on left hand) e - an uncursed ring of see invisible Potions ('!') K - an uncursed potion of healing Tools ('(') c - an uncursed skeleton key i - an uncursed sack containing 6 items t - an uncursed blindfold E - an uncursed mirror F - an uncursed stethoscope J - a cursed lock pick L - an uncursed oil lamp (lit) O - an uncursed expensive camera (0:40) Gems/Stones ('*') q - an uncursed worthless piece of red glass s - an uncursed worthless piece of white glass u - an uncursed worthless piece of orange glass A - an uncursed fluorite stone C - an uncursed worthless piece of blue glass Contents of the sack: an uncursed tripe ration 2 uncursed food rations an uncursed banana an uncursed fortune cookie an uncursed orange 2 uncursed scrolls of teleportation Grasshopper the Wizard's attributes: Background: You were a Thaumaturge, a level 8 female human Wizard. You were neutral, on a mission for Thoth who was opposed by Ptah (lawful) and Anhur (chaotic). You were in the Gnomish Mines, on level 6. You entered the dungeon 8632 turns ago. It was nighttime. There was a full moon in effect when your adventure ended. You had 1467 experience points, 1093 more were needed to attain level 9. Your score was 6178 before end-of-game adjustments. Basics: You had 0 out of 61 hit points. You had all 85 energy points (spell power). Your armor class was -5. Your wallet was empty. Autopickup was on for '$"=/!?+*' plus thrown, with exceptions. Final Characteristics: Your strength was 11 (peak:12, limit:18/100). Your dexterity was 16 (limit:18). Your constitution was 16 (base:14, limit:18). Your intelligence was 18 (limit:18). Your wisdom was 11 (limit:18). Your charisma was 8 (limit:18). Final Status: You died from food poisoning. You were not hungry. You were burdened; movement was slightly slowed. You were wielding a dagger. You were skilled in dagger. Final Attributes: You were piously aligned. You were magic-protected. You were telepathic. You could survive without air. You were guarded. You were lucky. Thoth was angry with you. You are dead. Miscellaneous: You never encountered a bones level. Total elapsed playing time was 3 hours, 49 minutes and 44 seconds. Major events: Turn 1: Grasshopper the neutral female human Wizard entered the dungeon 831: entered the Gnomish Mines 1178: attained the rank of Conjurer (level 3) 4244: attained the rank of Thaumaturge (level 6) 4540: reached Mine Town 6749: was bestowed with Magicbane by Thoth 8632: poisoned by a rotted gnome corpse Vanquished creatures: a small mimic a watchman a giant beetle a spotted jelly a brown pudding a dingo a housecat a dwarf leader a gnome mummy a snake 2 Woodland-elves 2 mountain nymphs 4 Uruk-hai an orc shaman 2 rock moles 2 fog clouds 2 yellow lights 7 gnome leaders 2 gnomish wizards 2 kobold mummies a ghoul 2 straw golems 5 giant ants a kitten 8 dwarves a homunculus 2 kobold shamans a rothe 3 rabid rats 2 monkeys 4 orc zombies 3 dwarf zombies 2 wererats an iguana 18 killer bees 5 acid blobs a coyote 2 gas spores 8 hobbits 4 manes a large kobold a hobgoblin 10 giant rats 3 cave spiders a yellow mold a red mold 36 gnomes 3 garter snakes 2 gnome zombies 4 geckos 17 jackals 3 foxes 2 kobolds a goblin 5 sewer rats 6 grid bugs a bat 8 lichens 2 kobold zombies 7 newts 224 creatures vanquished. No species were genocided or became extinct. Voluntary challenges: You read items or engraved 3 times. You never engraved Elbereth. You never genocided any monsters. You never polymorphed an object. You never changed form. You used no wishes. Achievements: You entered the Gnomish Mines. You attained the rank of Conjurer. You entered a shop. You attained the rank of Thaumaturge. You entered Minetown. You entered a temple. The Dungeons of Doom: levels 1 to 6 Level 1: A fountain. Level 2: "stash in chest" Some fountains. Stairs down to The Gnomish Mines. Level 3: A weapon shop. Level 4: An altar. Level 5: Level 6: The Gnomish Mines: levels 3 to 7 Level 3: Level 4: Level 5: "MT" Many shops, a temple to Thoth, some fountains. Level 6: <- You were here. Final resting place for you, poisoned by a rotted gnome corpse. Level 7: Game over: ---------- / \ / REST \ / IN \ / PEACE \ / \ | Grasshopper | | 0 Au | | poisoned by a | | rotted gnome | | corpse | | | | 2023 | *| * * * | * _________)/\\_//(\/(/\)/\//\/|_)_______ Goodbye Grasshopper the Wizard... You were poisoned in The Gnomish Mines on dungeon level 6 with 6178 points, and 0 pieces of gold, after 8632 moves. You were level 8 with a maximum of 61 hit points when you were poisoned.